 Dungeon Crawl Stone Soup version 0.31.0-1-g2c135a0 (webtiles) character file.

Game seed: 4988420133476146271

285 collaery the Trooper (level 6, -3/47 HPs)
             Began as a Human Berserker on Feb 15, 2024.
             Was a Believer of Trog.
             Slain by an orc priest
             ... wielding a +0 hand axe
              (5 damage)
             ... on level 3 of the Dungeon.
             The game lasted 00:21:23 (2722 turns).

collaery the Trooper (Human Berserker)              Turns: 2722, Time: 00:21:24

Health: -3/47      AC: 10    Str: 17    XL:     6   Next: 29%
Magic:  6/6        EV:  8    Int: 13    God:    Trog [**....]
Gold:   170        SH:  0    Dex: 15    Spells: 5/5 levels left

rFire   . . .        a - +0 hand axe
rCold   . . .        (no shield)
rNeg    . . .        r - +0 chain mail
rPois   .            d - +0 helmet
rElec   .            (no cloak)
rCorr   .            (no gloves)
SInv    .            (no boots)
Will    .....        s - amulet of magic regeneration Stlth
                     q - +6 ring of intelligence
HPRegen 0.27/turn    (no ring)
MPRegen 0.50/turn

%: no passive effects
@: no status effects
A: explore regen
a: Renounce Religion, Berserk, Trog's Hand


You were on level 3 of the Dungeon.
You worshipped Trog.
Trog was pleased with you.
You visited 1 branch of the dungeon, and saw 3 of its levels.

You collected 170 gold pieces.

Inventory:

Hand Weapons
 a - a +0 hand axe (weapon)
 c - a +2 short sword of draining
 k - a +0 sling
 u - a +1 dagger of electrocution
Missiles
 f - 9 stones (quivered)
 h - 2 poisoned darts
 o - 6 boomerangs
Armour
 d - a +0 helmet (worn)
 r - a +0 chain mail (worn)
Jewellery
 q - a +6 ring of intelligence (left hand)
 s - an amulet of magic regeneration (around neck)
Scrolls
 b - a scroll of brand weapon {unknown}
 e - a scroll of enchant weapon {unknown}
 g - a scroll of vulnerability {unknown}
 i - a scroll of revelation {unknown}
 l - 9 scrolls of identify {unknown}
 m - 2 scrolls of amnesia {unknown}
Potions
 j - 2 potions of curing {unknown}
 n - a potion of attraction {unknown}
 p - a potion of haste {unknown}
 t - a potion of degeneration {unknown}


   Skills:
 + Level 3.6 Fighting
 * Level 2.7 Short Blades
 + Level 3.6 Axes
 + Level 1.7 Throwing
 + Level 2.9 Armour
 + Level 2.9 Dodging
 + Level 2.0 Stealth


You had 5 spell levels left.
You didn't know any spells.
Your spell library was empty.

Dungeon Overview and Level Annotations

Branches:
Dungeon (3/15)

Altars:
Elyvilon
The Shining One


Innate Abilities, Weirdness & Mutations

You regain HP and MP as you explore.


Message History

You completely miss the orc priest.
The orc priest calls down the wrath of Beogh upon you.
Beogh smites you! The orc priest barely misses you.
You closely miss the orc priest.
The orc priest mumbles some strange prayers to Beogh against you.
Beogh smites you!
You barely miss the orc priest.
The orc priest hits you but does no damage.
You hit the orc priest.
The orc priest is moderately wounded.
The orc priest begins to cast a cantrip, but forgets the words!
You hit the orc priest.
The orc priest is heavily wounded.
The orc priest casts a cantrip, but nothing happens.
You closely miss the orc priest.
The orc priest is heavily wounded.
The orc priest hits you but does no damage.
You closely miss the orc priest.
The orc priest is heavily wounded.
The orc priest calls down the wrath of Beogh upon you.
You barely resist. You closely miss the orc priest. You punch the orc priest.
The orc priest is heavily wounded.
The orc priest invokes the aid of Beogh against you.
Pain shoots through your body!
You hit the orc priest.
The orc priest is severely wounded.
The orc priest mumbles some strange prayers to Beogh against you.
You barely resist. You closely miss the orc priest.
The orc priest is severely wounded.
The orc priest calls down the wrath of Beogh upon you.
Beogh smites you!
* * * LOW HITPOINT WARNING * * *
You hit the orc priest.
The orc priest is severely wounded.
The orc priest hits you with a +0 hand axe.
* * * LOW HITPOINT WARNING * * *
The orc priest hits you with a +0 hand axe.
You die...

#..# .o...~..###
#..##.....##.. #..#
..........# #.............
#..#
.....o..#.###..###...###..
##.#$
...........##...........[.
.~...~.....##......)......
..............#####.#####.
#o###.###<.<..# ## #o#
#..##.....#
####@###...###...#
#...<#~~...~~#...#
#.##.#~..♣..~#...#
#.##..........#.##
#.##...♣._.♣....#
#.##..........#######
#.#..#~).♣..~#.......
#..###~~...~~#.#####. ##.#
###...###.#####.


You could see an orc priest and an orc.

Vanquished Creatures
  Pargi (D:3)
  A bombardier beetle (D:3)
  A sleepcap (D:3)
  An orc wizard (D:3)
  4 adders
  2 dart slugs (D:1)
  A ribbon worm (D:2)
  3 orcs
  4 endoplasms
  2 giant cockroaches
  4 hobgoblins
  3 jackals (D:1)
  3 quokkas
  5 ball pythons
  4 bats
  4 frilled lizards
  8 goblins
  4 kobolds
  6 rats
61 creatures vanquished.

Vanquished Creatures (others)
  A quokka (D:3)
1 creature vanquished.

Grand Total: 62 creatures vanquished

Notes
Turn   | Place    | Note
-------+----------+-------------------------------------------
     0 | D:1      | collaery the Human Berserker began the quest for the Orb.
     0 | D:1      | Reached XP level 1. HP: 18/18 MP: 1/1
   241 | D:1      | Reached XP level 2. HP: 24/24 MP: 2/2
   301 | D:1      | Found a faded altar of an unknown god.
   403 | D:1      | Reached skill level 1 in Short Blades
   539 | D:1      | Reached XP level 3. HP: 24/29 MP: 3/3
  1041 | D:2      | Reached ** piety under Trog
  1469 | D:2      | Reached skill level 1 in Stealth
  1469 | D:2      | Reached XP level 4. HP: 35/35 MP: 4/4
  1791 | D:3      | Found a white marble altar of Elyvilon.
  1872 | D:3      | Reached skill level 1 in Throwing
  2101 | D:3      | Reached XP level 5. HP: 41/41 MP: 5/5
  2147 | D:3      | Found a glowing golden altar of the Shining One.
  2328 | D:3      | Noticed Pargi
  2341 | D:3      | Killed Pargi
  2342 | D:3      | Reached XP level 6. HP: 47/47 MP: 6/6
  2722 | D:3      | HP: 2/47 [orc priest/+0 hand axe (5)]
  2722 | D:3      | Slain by an orc priest

Illustrated notes

Levels and vault maps discovered:
D:1:      lightli_arrival_quake, layout_basic,
          shapermc_ecumenical_altar_mp_highgroup, minmay_misc_feat_plants
D:2:      layout_loops_ring
D:3:      cheibrodos_pilgrimage, layout_loops_cross, amcnicky_altar_gilded,
          elyvilon_altar_4, grunt_decor_mini_mirrors, uniq_pargi

Skill      XL: |  1  2  3  4  5  6 |
---------------+-------------------+-----
Short Blades   | 1 2 |  2.7
Stealth        | 1 2 |  2.0
Throwing       | 1 |  1.7
Fighting       | |  3.6
Axes           | |  3.6
Armour         | |  2.9
Dodging        | |  2.9

Action                     |  1- 3 |  4- 6 || total
---------------------------+-------+-------++-------
  Melee: Hand axe          |   110 |   113 ||   223
         Punch             |       |     3 ||     3
 Invoke: Berserk           |       |     1 ||     1
         Trog's Hand       |       |     1 ||     1
   Stab: Sleeping          |     3 |       ||     3
 Armour: Animal skin       |    34 |       ||    34
         Scale mail        |    23 |       ||    23
         Chain mail        |     4 |    97 ||   101
  Dodge: Dodged            |    64 |    47 ||   111
